 Dungeon Crawl Stone Soup version 0.31-a0-698-g4a7cf283bb (webtiles) character file.

Game seed: 12721328082692329022

644 qw the Skirmisher (level 7, -2/43 HPs)
             Began as a Gargoyle Hunter on Sept 7, 2023.
             Was an Initiate of Okawaru.
             Slain by a gnoll
             ... wielding a +0 spear
              (8 damage)
             ... on level 4 of the Dungeon.
             The game lasted 00:01:01 (2554 turns).

qw the Skirmisher (Gargoyle Hunter)                 Turns: 2554, Time: 00:01:01

Health: -2/43      AC:  7    Str: 15    XL:     7   Next: 52%
Magic:  7/7        EV: 12    Int:  9    God:    Okawaru [......]
Gold:   204        SH:  0    Dex: 15    Spells: 6/6 levels left

rFire   . . .        a - +0 orcbow
rCold   . . .        (shield currently unavailable)
rNeg    + . .        c - +0 leather armour
rPois   inf          (no helmet)
rElec   +            (no cloak)
rCorr   .            (no gloves)
SInv    .            (no boots)
Will    .....        (no amulet)
Stlth   ++           (no ring)
HPRegen 0.27/turn    (no ring)
MPRegen 0.10/turn

%: no passive effects
@: about to teleport
A: sickness immunity, AC +4, negative energy resistance 1, electricity
resistance, torment resistance 1, petrification resistance
a: Renounce Religion


You were on level 4 of the Dungeon.
You worshipped Okawaru.
Okawaru was noncommittal.
You visited 1 branch of the dungeon, and saw 4 of its levels.

You collected 204 gold pieces.


Innate Abilities, Weirdness & Mutations

You are immune to sickness and miasma.
Your stone body is resilient. (AC +4)
You are immune to poison.
You resist negative energy. (rN+)
You are resistant to electric shocks. (rElec)
You are resistant to unholy torment.
You are immune to petrification.


   Skills:
 - Level 4.2 Fighting
 - Level 8.1 Ranged Weapons
 + Level 0.0 Armour
 - Level 2.1 Dodging
 - Level 1.1 Stealth


You had 6 spell levels left.
You didn't know any spells.
Your spell library was empty.

Inventory:

Hand Weapons
 a - a +0 orcbow (weapon)
Armour
 c - a +0 leather armour (worn)
Scrolls
 b - 2 scrolls of enchant armour
 h - a scroll of fog {unknown}
 i - 2 scrolls of identify {unknown}
 j - a scroll of poison {unknown}
Potions
 d - a potion of lignification {unknown}
 e - a potion of berserk rage {unknown}
 f - a potion of haste
 g - 2 potions of curing
 k - a potion of mutation {unknown}
 l - a potion of resistance

Dungeon Overview and Level Annotations

Branches:
Dungeon (4/15)             Temple (0/1) D:4

Altars:
Okawaru
Wu Jian
Yredelemnul


Message History

The arrow hits Edmund but does no damage.
Edmund hits you but does no damage.
A gnoll comes into view. It is wielding a +0 quarterstaff.
Enter note: You shoot an arrow.
The arrow hits Edmund!
Edmund is moderately wounded.
Edmund hits you with a +5 heavy flail!
You shoot an arrow. The arrow closely misses Edmund.
The arrow hits the gnoll.
The gnoll is lightly wounded.
Edmund says, "People think my brother is the best.
I think he's crazy."
Edmund hits you with a +5 heavy flail! The gnoll barely misses you.
You shoot an arrow. The arrow hits Edmund!
Edmund is heavily wounded.
The gnoll hits you from afar with a +0 spear.
Edmund barely misses you.
You shoot an arrow.
The arrow hits Edmund but does no damage.
Edmund is heavily wounded.
The gnoll closely misses you.
You shoot an arrow. The arrow closely misses Edmund.
The arrow hits the gnoll!
The gnoll is severely wounded.
Edmund barely misses you. The gnoll closely misses you.
You shoot an arrow. The arrow hits Edmund!
Edmund is almost dead.
The gnoll barely misses you. Edmund hits you with a +5 heavy flail!
The gnoll barely misses you.
You shoot an arrow. The arrow hits Edmund!
You kill Edmund!
Okawaru accepts your kill.
The gnoll hits you from afar with a +0 spear.
Your Ranged Weapons skill increases to level 8!
2553 ||| READING scroll of teleportation.
As you read the scroll of teleportation, it crumbles to dust.
You feel strangely unstable. The gnoll hits you but does no damage.
The gnoll closely misses you.
You shoot an arrow.
The arrow hits the gnoll but does no damage.
The gnoll is severely wounded.
The gnoll hits you from afar with a +0 spear!
You die...

........#
........#
........#
........#
Jg......#
.......[#
..g...gJ# #g# #@#
#######.#
......#.##
.........########
.................
##.##.#..########
# #.#...# #.#.#.#
. #.#%#


You could see 2 gnolls and an endoplasm.

Vanquished Creatures
  Sigmund (D:2)
  Edmund (D:4)
  An ogre (D:4)
  A scorpion (D:4)
  A jelly (D:4)
  Jessica (D:3)
  Terence (D:3)
  Natasha (twice) (D:2)
  3 worms
  2 dart slugs
  An orc (D:3)
  4 ball pythons
  4 bats
  9 endoplasms
  4 giant cockroaches
  3 goblins
  10 hobgoblins
  4 jackals (D:1)
  4 kobolds
  A quokka (D:1)
  4 frilled lizards
  3 rats
65 creatures vanquished.

Notes
Turn   | Place    | Note
-------+----------+-------------------------------------------
     0 | D:1      | qw the Gargoyle Hunter began the quest for the Orb.
     0 | D:1      | Reached XP level 1. HP: 12/12 MP: 1/1
     0 | D:1      | 0 ||| qw: Version: 0.3-a-76-g4403597
     0 | D:1      | 0 ||| qw: Game counter: 389
     0 | D:1      | 0 ||| qw: Melee chars always use a shield: true
     0 | D:1      | 0 ||| qw: God list: Okawaru
     0 | D:1      | 0 ||| qw: Allow faded altars: false
     0 | D:1      | 0 ||| qw: Do Orc after clearing Dungeon:15 true
     0 | D:1      | 0 ||| qw: Do second Lair branch before Depths: true
     0 | D:1      | 0 ||| qw: Lair rune preference: random
     0 | D:1      | 0 ||| qw: Goals: Normal
     0 | D:1      | 0 ||| PLANNING D:1-11
   100 | D:1      | Reached XP level 2. HP: 17/17 MP: 2/2
   573 | D:1      | Reached XP level 3. HP: 21/21 MP: 3/3
   618 | D:1      | Reached skill level 5 in Ranged Weapons
   783 | D:1      | 783 ||| READING 2 scrolls labelled FAULEGA ESHRIE.
   784 | D:1      | 784 ||| READING scroll labelled DEZODD XAEHUU.
   785 | D:1      | 785 ||| READING scroll labelled NEKKOT HUXA.
   790 | D:1      | 790 ||| READING scroll labelled WELYUREORA.
   791 | D:1      | 791 ||| READING scroll labelled CIRUAB UMPOENAXTO.
   792 | D:1      | 792 ||| DRINKING 2 dark potions.
   793 | D:1      | 793 ||| DRINKING 2 green potions.
   794 | D:1      | 794 ||| DROPPING scroll of revelation.
   795 | D:1      | 795 ||| DROPPING scroll of butterflies.
   796 | D:1      | 796 ||| DROPPING potion of brilliance.
   865 | D:2      | Noticed Natasha
   873 | D:2      | Killed Natasha
   874 | D:2      | Reached skill level 3 in Fighting
   874 | D:2      | Reached XP level 4. HP: 10/28 MP: 4/4
  1000 | D:2      | Noticed Natasha
  1011 | D:2      | Killed Natasha
  1113 | D:2      | Noticed Sigmund
  1117 | D:2      | 1117 ||| DRINKING potion of curing.
  1117 | D:2      | 1117 ||| (to cure confusion)
  1122 | D:2      | Killed Sigmund
  1123 | D:2      | Reached skill level 6 in Ranged Weapons
  1123 | D:2      | Reached XP level 5. HP: 32/32 MP: 5/5
  1123 | D:2      | Reached XP level 6. HP: 37/37 MP: 6/6
  1562 | D:2      | 1562 ||| READING scroll labelled LYCWEGH MYSIE.
  1563 | D:2      | 1563 ||| READING scroll labelled NOUREY POIJO.
  1564 | D:2      | 1564 ||| DRINKING 2 fizzy purple potions.
  1565 | D:2      | 1565 ||| DRINKING 2 blue potions.
  1650 | D:3      | Found an iron altar of Okawaru.
  1651 | D:3      | 1651 ||| PLANNING OKAWARU WORSHIP
  1658 | D:3      | Became a worshipper of Warmaster Okawaru
  1659 | D:3      | 1659 ||| PLANNING D:1-11
  1670 | D:3      | 1670 ||| SWAPPING to +0 orcbow.
  1671 | D:3      | 1671 ||| DROPPING +1 shortbow of flaming.
  1780 | D:3      | Found a basalt altar of Yredelemnul.
  1810 | D:3      | Noticed Jessica
  1814 | D:3      | Killed Jessica
  1945 | D:3      | Noticed Terence
  1958 | D:3      | Killed Terence
  2225 | D:4      | Found an ornate altar of the Wu Jian Council.
  2281 | D:4      | Reached skill level 7 in Ranged Weapons
  2438 | D:4      | Reached XP level 7. HP: 43/43 MP: 7/7
  2447 | D:4      | Found a staircase to the Ecumenical Temple.
  2535 | D:4      | Noticed Edmund
  2536 | D:4      | 2536 ||| Stepping ~*~*~tactically~*~*~ (outnumbered).
  2552 | D:4      | Killed Edmund
  2552 | D:4      | HP: 6/43 [gnoll/+0 spear (6)]
  2553 | D:4      | Reached skill level 8 in Ranged Weapons
  2553 | D:4      | 2553 ||| READING scroll of teleportation.
  2554 | D:4      | Slain by a gnoll

Levels and vault maps discovered:
D:1:      dpeg_arrival_short_road, layout_loops_cross, minmay_door_square
D:2:      layout_loops_ring, uniq_natasha, uniq_sigmund
D:3:      layout_rooms, lemuel_doored_altar, mainiacjoe_overflow_alcove_1,
          nicolae_concentric_dashed_squares_mild, minmay_misc_feat_rugged,
          uniq_terence, uniq_jessica
D:4:      layout_basic, kennysheep_mini_moat, minmay_temple_entry_wispy,
          uniq_edmund

Skill      XL: |  1  2  3  4  5  6  7 |
---------------+----------------------+-----
Ranged Weapons | 5 6 7 8 |  8.1
Fighting       | 3 4 |  4.2
Dodging        | 2 |  2.1
Stealth        | |  1.1

Action                     |  1- 3 |  4- 6 |  7- 9 || total
---------------------------+-------+-------+-------++-------
   Fire: Shortbow          |   106 |    45 |       ||   151
         Orcbow            |       |    59 |    28 ||    87
    Use: Scroll            |     5 |     2 |     1 ||     8
         Potion            |     2 |     3 |       ||     5
 Armour: Leather armour    |    53 |    22 |    10 ||    85
  Dodge: Dodged            |    50 |    22 |     8 ||    80

Table legend:
 A = Non-vault XP
 B = Vault XP
 C = Vault XP percentage of total XP
 D = Non-vault monster count
 E = Vault monster count
 F = Vault count percentage of total count
                 A         B        C        D         E       F
            +---------+---------+-------+---------+---------+-------
      Total |     411 |     509 |  55.3 |      60 |       5 |   7.7
            +---------+---------+-------+---------+---------+-------
        D:1 |      45 |       0 |   0.0 |      24 |       0 |   0.0
        D:2 |      61 |     278 |  82.0 |      14 |       2 |  12.5
        D:3 |      20 |      73 |  78.5 |      10 |       2 |  16.7
        D:4 |     285 |     158 |  35.7 |      12 |       1 |   7.7
            +---------+---------+-------+---------+---------+-------
